Semilg, lawful female human Valkyrie --------------------------------- --------- |...............................| #-.......| |.----....----- ---- -- ----- | ###|.<.....| |.|..|---.| |. # --------- |.|..|..|.| |. ### |.-|-|..|.| --- |.. # |........a| |... .-## ..{...|.-@---... ### ........@..d.%| # #|....-|--.....| +## ##..-|-|. |.----| ## #|.|..|..|.-..*| ## #|.|.%|---.|..%| # #|.|..| ..|.!%| # #|.----....----- # #|. ..... # #--- ------- # ################################### Semilg the Skirmisher Experience level: 5 Strength: 20 Dexterity: 11 Constitution: 15 Intelligence: 13 Wisdom: 8 Charisma: 8 Health: 0(64) Energy: 8(8) Def: 4 Gold: 195 Moves: 2454 Dungeon seed: RdC89-HR1cXeqkGV Game ID: Semilg_1631042498 Your Inventory: Coins $ - 195 gold pieces Weapons a - an uncursed +1 long sword (weapon in hand) b - a blessed +0 dagger i - 11 blessed +1 darts o - an uncursed +0 orcish dagger s - an uncursed +0 aklys t - 4 uncursed +0 arrows u - an uncursed +0 crossbow v - 11 uncursed +0 crossbow bolts z - 8 uncursed +0 orcish arrows A - an uncursed +0 aklys C - 6 blessed +0 darts F - 5 uncursed +0 daggers G - an uncursed +0 bow I - an uncursed +0 crossbow Armor e - an uncursed +3 small shield (being worn) q - an uncursed +0 orcish helm r - a cursed -1 pair of iron shoes y - a cursed -1 splint mail J - an uncursed +0 pair of low boots Scrolls f - a cursed scroll of confuse monster g - an uncursed scroll of destroy armor Spellbooks P - an uncursed spellbook of protection Potions l - an uncursed potion of booze m - an uncursed potion of hallucination M - an uncursed potion of paralysis O - an uncursed potion of gain ability Q - an uncursed potion of full healing Tools d - an uncursed oil lamp (0:1258) k - an uncursed tin whistle w - 8 uncursed tallow candles (0:200) x - an uncursed skeleton key B - 2 uncursed wax candles (0:400) H - a blessed wax candle (0:400) L - an uncursed magic whistle Gems n - 54 uncursed rocks D - an uncursed worthless piece of orange glass E - 2 uncursed worthless pieces of yellowish brown glass N - an uncursed worthless piece of blue glass Y - an uncursed worthless piece of green glass Spells and supernatural/magical abilities: Name Level Category Cost Memory W - pray for help -- divine ? -- Your skills at the end: Fighting Skills wands [Basic] Weapon Skills dagger [Basic] long sword [Basic] Spellcasting Skills Final Attributes: You were piously aligned. You were immune to cold. You were stealthy. Tyr was noncommittal. You are dead. Vanquished creatures: 8 gnome lords 2 gnomish wizards a red naga hatchling a little dog a dwarf a centipede a giant bat a wererat a werejackal 2 coyotes a hobbit a brown mold a red mold 24 gnomes 2 jackals a fox a kobold 2 goblins a grid bug 4 lichens a kobold zombie 2 newts 60 creatures vanquished. Voluntary challenges: You had followed a strict vegan diet until turn 1812. You had followed a strict vegetarian diet until turn 1812. You were an atheist. You used a wielded weapon 26 times, starting on turn 174. You read items or engraved 1 time, starting on turn 637. You never genocided any monsters. You never polymorphed an object. You never changed form. You used no wishes. You never split a pudding. You never wrote Elbereth's name. You never violated your personal moral code. Dungeon overview: The Dungeons of Doom: levels 1 to 3 Level 1 some fountains a long staircase Level 2 a general store Level 3 stairs to The Gnomish Mines The Gnomish Mines: levels 4 to 7 Level 4 stairs to The Dungeons of Doom Level 5 Level 6 Level 7 <- You were here a general store, a fountain History has recorded: On T:1 you entered the Dungeons of Doom to retrieve the Amulet of Yendor! On T:44 you reached level 2 of The Dungeons of Doom. On T:767 you reached level 3 of The Dungeons of Doom. On T:871 you reached level 1 of The Gnomish Mines. On T:1055 you advanced to experience level 2. On T:1102 you advanced to experience level 3. On T:1572 you advanced to experience level 4. On T:1643 you reached level 2 of The Gnomish Mines. On T:1939 you reached level 3 of The Gnomish Mines. On T:2127 you reached level 4 of The Gnomish Mines. On T:2313 you advanced to experience level 5. Score breakdown: Gold: 195 ( 7797 points) Experience: 5 levels (11141 points) Exploration: 7 levels ( 14.00%) (10497 points) Discoveries: 1 item ( 0.40%) ( 1897 points) Valuables value: (no points given unless you survive) Artifact value: 0 ( 0 points) Variety of kills: 22 monsters ( 5.79%) ( 7218 points) Turncount: 2454 turns ( -303 points) Survival: died (score multiplied by 80%) Total score: 30597 Latest messages: [2 turns] (2x) You hear a door open. [2 turns] (4x) Q - a purple-red potion. [2 turns] You see here a male giant bat corpse. You hear crashing rock. [2 turns] You are carrying too much to get through. [2 turns] The large dog displaces the watch captain. [2 turns] The large dog displaces the watch captain. [2 turns] The large dog displaces the watch captain. [2 turns] You displace the watch captain. The soldier ant bites! The soldier ant stings! The soldier ant's sting was poisoned! Valkyrie, your life force is running out. You die... Final status: Farvel Semilg the Valkyrie, killed by a soldier ant... You died in The Gnomish Mines on dungeon level 7 with 30597 points, and 195 pieces of gold, after 2454 moves. You were level 5 with a maximum of 64 hit points when you died.